[Event "Late-Titled-Tuesday-Blitz-June-04-2024"]
[Site "Chess.com"]
[Date "2024.06.04"]
[Round "5"]
[White "nabukatnezarr"]
[Black "MaxLeto"]
[Result "1-0"]
[WhiteElo "2583"]
[BlackElo "2437"]
[TimeControl "180+1"]
[EndTime "14:55:54 PDT"]
[Termination "nabukatnezarr won by checkmate"]

1. b3 e5 2. Bb2 Nc6 3. e3 Nf6 4. Bb5 Bd6 5. Ne2 O-O 6. Bxc6 dxc6 7. d3 Re8 8. e4 a5 9. a4 Bg4 10. h3 Bh5 11. g4 Bg6 12. Ng3 Bc5 13. Qe2 Nd7 14. Nd2 Nf8 15. Nc4 f6 16. Nf5 Bb4+ 17. Kf1 Ne6 18. Bc1 b5 19. Nb2 Bc3 20. Ra2 Kh8 21.
Nd1 Bb4 22. Be3 Bf7 23. h4 Bf8 24. h5 h6 25. Kg2 Bc5 26. Nc3 Qb8 27. Rha1 Qb6 28.
axb5 Bxe3 29. fxe3 cxb5 30. Nd5 Qc5 31. b4 Qf8 32.
bxa5 c6 33. Nb6 Ra6 34. c4 Nc5 35. cxb5 cxb5 36. Rb1 Bxa2 37. Rxb5 Be6 38. Nh4 Rb8 39. Ng6+ Kg8 40. Nxf8 Rxf8 41. Rxc5 Bf7 42. d4 exd4 43. Qxa6 dxe3 44. Qd3 Re8 45. Qxe3 Be6 46. Kg3 Kh7 47. Rc7 Bg8 48. Qf4 Re5 49. Qxf6 Rg5 50. Qf5+ Kh8 51. Qxg5 hxg5 52. a6 g6 53. hxg6 Bf7 54. a7 Be8 55.
Re7 Kg8 56. Rxe8+ Kg7 57. Re7+ Kh6 58. Rh7+ Kxg6 59. Rc7 Kf6 60. Nc4 Ke6 61. a8=Q Kf6 62. Qa6# 1-0

[Event "Late-Titled-Tuesday-Blitz-June-04-2024"]
[Site "Chess.com"]
[Date "2024.06.04"]
[Round "5"]
[White "ChessLebaneseSalah"]
[Black "ural58"]
[Result "1-0"]
[WhiteElo "2580"]
[BlackElo "2424"]
[TimeControl "180+1"]
[EndTime "14:55:54 PDT"]
[Termination "ChessLebaneseSalah won on time"]

1. e4 d5 2. exd5 Qxd5 3. Nc3 Qd6 4. Nf3 c6 5. d4 Bf5 6. Bc4 e6 7. O-O Nf6 8. Qe2 Be7 9. Rd1 O-O 10. Bb3 Nbd7 11.
h3 h6 12. Qe1 Qc7 13. Ne2 Be4 14. Nd2 Bh7 15. Nc4 Nd5 16. Ne3 a5 17. a4 Bd6 18.
Nc4 Bb4 19. c3 Be7 20. Ne3 N7f6 21. Nxd5 cxd5 22. Bf4 Bd6 23. Bxd6 Qxd6 24. Nc1 Qb6 25. Ra3 Rfe8 26. Nd3 Bxd3 27. Rxd3 Ne4 28. Qe2 Nd6 29.
Rg3 Nf5 30. Rf3 Rac8 31. Qd3 Nd6 32. Bc2 Ne4 33. Ra2 e5 34. Re3 exd4 35. cxd4 Qb4 36. Bb3 Red8 37. Ra1 Qd2 38. Rf1 Qxb2 39. Bxd5 Rxd5 40.
Rxe4 Rcd8 41. Rd1 Qb4 42. Qe3 Qxa4 43. Rb1 Qd7 44. Rd1 b5 45. Re7 Qc6 46. Qf3 Qf6 47. Re8+ Rxe8 48. Qxd5 Qb6 49. Qd7 Rd8 50. Qg4 b4 51. d5 b3 52. Rb1 Rxd5 53. Qc8+ 1-0

[Event "Late-Titled-Tuesday-Blitz-June-04-2024"]
[Site "Chess.com"]
[Date "2024.06.04"]
[Round "5"]
[White "LoonsDeKoeben"]
[Black "TimGrutter03"]
[Result "0-1"]
[WhiteElo "2300"]
[BlackElo "2517"]
[TimeControl "180+1"]
[EndTime "14:55:57 PDT"]
[Termination "TimGrutter03 won by resignation"]

1. d4 Nf6 2. Bf4 c5 3. d5 Qb6 4. Qc1 Nxd5 5. Bg3 g6 6. e4 Bg7 7. exd5 Bxb2 8. Bc7 Bxc1 9. Bxb6 axb6 10. a4 Bb2 11. Ra2 Bg7 12. Bb5 Na6 13. c4 Nb4 14. Re2 O-O 15. Rxe7 Bf6 16. Re2 d6 17. Nf3 Bf5 18.
Kd2 Na2 19. Re3 g5 20. h3 g4 21. hxg4 Bxg4 22. Kc2 Bf5+ 23. Kb3 Nb4 24. Nc3 Bc2+ 25. Kb2 Bxc3+ 26. Kxc3 Bxa4 27. Ng5 Bxb5 28. cxb5 Nxd5+ 29. Kc4 Nxe3+ 30. fxe3 Rfe8 31. Kd5 Re5+ 32. Kxd6 Rxg5 33.
Kc7 c4 34. Kxb6 c3 35. Kxb7 Ra2 36. b6 c2 37. Rc1 Rb2 38. Kc7 Rc5+ 39. Kd6 Rc3 40.
Kd5 Rxb6 41. Kd4 Rc8 42. Kd3 Rd6+ 43. Ke2 Rd1 44. Rxd1 cxd1=Q+ 45. Kxd1 Rc6 46. Ke2 Rf6 47. g4 h5 48. gxh5 Kh7 49. Kd3 Kh6 50. Ke4 Re6+ 51.
Kf4 Kxh5 52. e4 Kg6 53. e5 Ra6 54. Ke4 Kg5 55. Kd5 Kf5 56. Kd4 Ra4+ 57. Kd5 Ra5+ 58. Kd6 Rxe5 59. Kd7 Ke4 60. Kd6 f5 61. Kc6 f4 62.
Kd6 f3 0-1

[Event "Late-Titled-Tuesday-Blitz-June-04-2024"]
[Site "Chess.com"]
[Date "2024.06.04"]
[Round "5"]
[White "Bala-Afiada"]
[Black "ferdipy"]
[Result "0-1"]
[WhiteElo "2059"]
[BlackElo "2323"]
[TimeControl "180+1"]
[EndTime "14:55:59 PDT"]
[Termination "ferdipy won by resignation"]

1. d4 e5 2. dxe5 d6 3. Nf3 Nc6 4. Bf4 Bg4 5. Nbd2 dxe5 6. Nxe5 Nxe5 7. Bxe5 f6 8. Bg3 Bc5 9. h3 Bh5 10. Nf3 Qe7 11. Qd5 Bf7 12. Qxb7 Rd8 13. Qxc7 Qxc7 14. Bxc7 Rc8 15. Bf4 Ne7 16. e4 Ng6 17. Bd2 O-O 18.
Bd3 Rfd8 19. O-O Rb8 20. Bc3 Nf4 21. Rfd1 Rdc8 22. Bf1 Ne6 23. Nd4 Ng5 24. Nf3 Nxe4 25. Be1 Rxb2 26. Nd2 Ng3 27. Nb3 Bb6 28. Kh2 Ne4 29.
f3 Ng5 30. Rab1 Rbxc2 31. Nd4 Rxa2 32. Nf5 Kh8 33. Ne7 Re8 34. Rd7 Be6 35. Rb7 Bd4 36.
Rd1 Be5+ 37. f4 Bxf4+ 38. Kg1 h5 39. Bf2 Bh2+ 40. Kxh2 Rxf2 41. Ng6+ Kh7 42. Nh4 Bxh3 43. Bd3+ Kh6 44. Rg1 Re3 45. Nf5+ Bxf5 46. Bxf5 Rxf5 47.
Rxa7 Re2 48. Kg3 Ne4+ 49. Kh2 Rff2 50. Raa1 Ng5 51. Kh1 Nh3 52. Raf1 Nxg1 53. Kxg1 Rxf1+ 54. Kxf1 Rxg2 55. Kxg2 g5 56. Kf3 g4+ 57. Kg3 Kg5 58. Kg2 f5 59. Kf2 f4 60. Kg2 Kf5 61. Kf1 Ke4 62.
Kf2 f3 63. Kg1 Ke3 64. Kf1 f2 65. Kg2 Ke2 66. Kg3 f1=Q 67. Kh4 Qh3+ 68. Kg5 g3 0-1

[Event "Late-Titled-Tuesday-Blitz-June-04-2024"]
[Site "Chess.com"]
[Date "2024.06.04"]
[Round "5"]
[White "Mackster23"]
[Black "jcibarra"]
[Result "0-1"]
[WhiteElo "2679"]
[BlackElo "2923"]
[TimeControl "180+1"]
[EndTime "14:56:00 PDT"]
[Termination "jcibarra won by checkmate"]

1. e4 c5 2. Nf3 e6 3. d4 cxd4 4. Nxd4 Nc6 5. Nc3 Bc5 6. Nb3 Bb4 7. Be2 Nge7 8. O-O O-O 9. Qd3 f5 10. exf5 Nxf5 11. a3 Be7 12. Re1 d5 13. Bf1 Bd6 14. g3 Ne5 15. Qd1 Nh4 16. Re3 Nhf3+ 17. Kh1 Bc7 18.
Bg2 d4 19. Rxe5 Nxe5 20. Qxd4 Qxd4 21. Nxd4 Bb6 22. Nb3 Rxf2 23. Bf4 Ng6 24. Bd6 Bd7 25. Be4 Bc6 26. Re1 Rxc2 27. Bxc6 bxc6 28. Rxe6 Rxb2 29.
Nc5 Rd8 30. N3e4 Bxc5 31. Nxc5 Rc2 32. h4 Rxd6 33. Rxd6 Rxc5 34. Rd7 Ra5 35. Rd3 Ne5 36. Rc3 h5 37. Kg2 Kf7 38. Kf2 Ke6 39. Ke3 Kd5 40.
Kf4 Ra4+ 41. Kg5 g6 42. Re3 Rg4+ 43. Kf6 Re4 44. Rc3 c5 45. Kg5 c4 46. Kf6 Kd4 47.
Rc1 c3 48. Rd1+ Nd3 49. a4 c2 50. Rf1 c1=Q 51. Rxc1 Nxc1 52. a5 Rg4 53. a6 Rxg3 54. Kg7 Nd3 55. Kh6 Nc5 56. Kg7 Nxa6 57. Kh6 Nc5 58. Kg7 Ne6+ 59. Kh6 Nf4 60. Kg7 Ng2 61. Kh6 Nxh4 62. Kg7 Nf3 63. Kh6 h4 64. Kg7 h3 65. Kf6 a5 66. Kg7 a4 67. Kf6 a3 68. Kg7 a2 69. Kf6 a1=Q 70. Kg7 h2 71. Kf6 Kd5+ 72. Kf7 Ng5+ 73. Ke7 Re3+ 74. Kd7 Qg7+ 75.
Kc8 Re8# 0-1

[Event "Late-Titled-Tuesday-Blitz-June-04-2024"]
[Site "Chess.com"]
[Date "2024.06.04"]
[Round "5"]
[White "Rital44"]
[Black "Hikaru"]
[Result "0-1"]
[WhiteElo "2700"]
[BlackElo "3213"]
[TimeControl "180+1"]
[EndTime "14:56:00 PDT"]
[Termination "Hikaru won by resignation"]

1. d4 e6 2. c4 b6 3. Nc3 Bb4 4. Bd2 Bb7 5. Nf3 Nf6 6. e3 O-O 7. Bd3 d5 8. O-O a6 9. Ne5 Nbd7 10. f4 dxc4 11. Bxc4 b5 12. Bd3 c5 13. a3 Ba5 14. Ne2 Bb6 15. Bc3 Nd5 16. Qd2 Nxe5 17.
fxe5 Qg5 18. Nf4 cxd4 19. Bxd4 Bxd4 20. exd4 Nxf4 21. Rxf4 Bxg2 22. Kf2 Bd5 23. Rg1 Qh6 24. h4 f6 25. Ke1 Rac8 26. Rfg4 Rc1+ 27. Ke2 Qxd2+ 28.
Kxd2 Rxg1 29. Rxg1 fxe5 30. dxe5 Rf4 31. h5 Rh4 32. Rc1 Bc4 33. b3 Rh2+ 34. Kc3 Bd5 35.
Kd4 Rh4+ 36. Ke3 Rxh5 37. Rc8+ Kf7 38. Rc7+ Kf8 39. Rc8+ Ke7 40. Rc7+ Kd8 41. Rxg7 h6 42. Kd4 Bxb3 43. Bg6 Rg5 44. Kc5 Rxe5+ 45. Kc6 Rd5 46. Rh7 a5 47. Rxh6 Ke7 48. Be4 Rd4 49. Bf3 Bd5+ 50.
Bxd5 Rxd5 51. Rh7+ Kf6 52. Ra7 b4 53. axb4 axb4 54. Rb7 Rd4 55. Kc5 e5 56. Rb8 Kf5 57. Rd8 Ke4 58. Rxd4+ exd4 59. Kxb4 d3 60. Kb3 Ke3 61.
Kb2 Ke2 62. Kc1 d2+ 63. Kc2 d1=Q+ 64. Kc3 Qd5 0-1

[Event "Late-Titled-Tuesday-Blitz-June-04-2024"]
[Site "Chess.com"]
[Date "2024.06.04"]
[Round "5"]
[White "rezamahdavi2008"]
[Black "JSPrepz"]
[Result "1-0"]
[WhiteElo "2945"]
[BlackElo "2842"]
[TimeControl "180+1"]
[EndTime "14:56:01 PDT"]
[Termination "rezamahdavi2008 won by resignation"]

1. e4 e5 2. Nf3 Nc6 3. Nc3 Nf6 4.
d4 Bb4 5. Nxe5 Nxe4 6. Qd3 d5 7.
Nxc6 bxc6 8. Be2 Bf5 9. Qe3 O-O 10. O-O Nxc3 11. bxc3 Re8 12. Qd2 Rxe2 13. Qxe2 Bxc3 14. Rb1 Bxd4 15. Re1 Bb6 16. Be3 d4 17. Bf4 d3 18.
Qf3 dxc2 19. Rbc1 Qd5 20. Qg3 Qxa2 21. h4 Bg6 22. Be5 h5 23. Bxc7 Qd5 24. Be5 Bc5 25.
Rxc2 Bb4 26. Rec1 c5 27. Rc4 a5 28. Ba1 a4 29. R4c2 a3 30. Re2 a2 31. Kh2 c4 32. Re5 Qd3 33. Re3 Qd5 34. Re5 Qd2 35.
Rxc4 Bd6 36. Rd4 Bxe5 37. Qxe5 Qh6 38. Qd5 Re8 39. Qxa2 Bf5 40. Qb2 Be6 41. Rd3 f6 42.
Rg3 Bf7 43. Qxf6 Qxf6 44. Bxf6 g6 45. Rc3 Be6 46. Rc7 Bf7 47. Kg3 Rf8 48. f3 Re8 49. Bd4 Ra8 50. Kf4 Re8 51. Kg5 Re6 52. Rc8+ Re8 53. Rc7 Rd8 54. Be5 Re8 55. f4 Re6 56. g3 Re8 57. Rc5 Re6 58. f5 gxf5 59. Kxf5 Rg6 60. Rc8+ Be8 61. Rxe8+ Kf7 62. Re7+ 1-0

[Event "Late-Titled-Tuesday-Blitz-June-04-2024"]
[Site "Chess.com"]
[Date "2024.06.04"]
[Round "5"]
[White "Synctel"]
[Black "cthulhuuu"]
[Result "1-0"]
[WhiteElo "2097"]
[BlackElo "2433"]
[TimeControl "180+1"]
[EndTime "14:56:01 PDT"]
[Termination "Synctel won by resignation"]

1. d4 Nf6 2. Nf3 g6 3. Bf4 Bg7 4. e3 O-O 5. Be2 d6 6. h3 Nbd7 7. O-O Re8 8. c3 e5 9. dxe5 dxe5 10. Nxe5 Nxe5 11. Qxd8 Rxd8 12. Bxe5 c5 13. Rd1 Be6 14.
b3 Ne4 15. Bxg7 Kxg7 16. f3 Rxd1+ 17. Bxd1 Rd8 18. Bc2 Nd2 19. Na3 c4 20. Rd1 Rd6 21. Nb1 cxb3 22. axb3 Nxb1 23. Rxd6 Nxc3 24. Kf2 Kf6 25.
Rd4 Nb5 26. Ra4 a6 27. e4 Ke5 28. Ke3 g5 29. Ra1 h5 30. g3 Bxh3 31. Rh1 Be6 32. Rxh5 Kf6 33. f4 gxf4+ 34. gxf4 Ke7 35. Rh7 Kd6 36.
Rh6 Ke7 37. f5 Bd7 38. Bd3 Bc6 39. Bxb5 Bxb5 40. e5 Bc6 41. Kf4 Bd5 42. b4 Bc4 43. Rh2 Bd5 44. Rd2 Bc6 45. Rd4 Ba4 46. Rd6 Bd7 47.
Rb6 Bc6 48. Kg5 Kd7 49. Kf6 Kc7 50. Rxc6+ bxc6 51. Kxf7 c5 52. e6 cxb4 53. e7 b3 54.
e8=Q b2 55. Qe1 1-0

[Event "Late-Titled-Tuesday-Blitz-June-04-2024"]
[Site "Chess.com"]
[Date "2024.06.04"]
[Round "5"]
[White "BogdanDeac"]
[Black "SahaNeelash"]
[Result "1-0"]
[WhiteElo "3011"]
[BlackElo "2677"]
[TimeControl "180+1"]
[EndTime "14:56:02 PDT"]
[Termination "BogdanDeac won by resignation"]

1. b3 d5 2. Bb2 Nf6 3. e3 Bf5 4.
c4 c6 5. cxd5 cxd5 6. Bb5+ Nc6 7. Nf3 Bd7 8. O-O e6 9. Nc3 Bd6 10. d3 O-O 11. e4 Ne5 12. Bxd7 Qxd7 13. exd5 exd5 14. h3 Nc6 15. Nb5 Be7 16. Re1 Rac8 17. Nbd4 Bb4 18. Re2 Nxd4 19. Bxd4 Bc3 20. Rc1 Bxd4 21.
Nxd4 Rxc1 22. Qxc1 Rc8 23. Qf4 Qc7 24. Rc2 Qd8 25.
Rxc8 Qxc8 26. Nf5 Qd8 27. Qg5 g6 28. g4 Kh8 29. Nd4 Kg7 30. Kg2 Kf8 31. Qe5 h6 32.
Nb5 a6 33. Nc3 Qe7 34. Qf4 Kg7 35. Qd4 Qe6 36. Nd1 Kg8 37. Ne3 b6 38. b4 Kf8 39. a3 Qc6 40. Kf3 Qe6 41. Ke2 b5 42. Kd2 Qc6 43. f4 Ke8 44. h4 Qe6 45.
g5 hxg5 46. hxg5 Nh5 47. Nxd5 Qf5 48. Nc7+ Ke7 49. Nd5+ Ke8 50. Ke3 Ng3 51. Qe5+ Qxe5+ 52. fxe5 Nf5+ 53. Ke4 Kd7 54. Nf4 Ng7 55. d4 Kc6 56. d5+ Kd7 57. Kd4 Kc7 58. e6 fxe6 59. Nxe6+ Kd6 60. Nxg7 1-0

[Event "Late-Titled-Tuesday-Blitz-June-04-2024"]
[Site "Chess.com"]
[Date "2024.06.04"]
[Round "5"]
[White "ChEsper99"]
[Black "Eloist"]
[Result "1-0"]
[WhiteElo "2238"]
[BlackElo "2430"]
[TimeControl "180+1"]
[EndTime "14:56:03 PDT"]
[Termination "ChEsper99 won by checkmate"]

1. e4 e6 2. d4 d5 3. e5 c5 4. c3 Qb6 5. Nf3 Bd7 6. Be2 cxd4 7. cxd4 Bb5 8. O-O Bxe2 9. Qxe2 Nc6 10. Be3 Nge7 11. Nc3 Nf5 12. Rfd1 Be7 13. a3 Rc8 14. Rac1 O-O 15. b4 a6 16. Na4 Qb5 17. Qxb5 axb5 18. Nc3 Na7 19. Ne2 Rc6 20. Rxc6 bxc6 21. Rc1 Rb8 22. Ne1 f6 23. Nd3 Rb6 24. g4 Nh4 25. Kf1 Ra6 26. Rc3 Nf3 27. Kg2 Nh4+ 28. Kg3 g5 29. f4 Kf7 30. exf6 Bxf6 31. fxg5 Ng6 32. gxf6 Kxf6 33. Nef4 Nc8 34. Nxg6 hxg6 35. Bf4 g5 36. Be5+ Ke7 37. h4 gxh4+ 38. Kxh4 Nd6 39. Bxd6+ Kxd6 40. g5 Ra8 41. g6 Rh8+ 42. Kg5 Rh1 43. g7 Rg1+ 44. Kf6 Rf1+ 45. Kg6 Rg1+ 46.
Kf7 Rf1+ 47. Kg8 Ke7 48. Ne5 Kf6 49. Rf3+ Rxf3 50. Nxf3 e5 51. Nxe5 Kf5 52. Kf8 Ke4 53. g8=Q Kxd4 54. Nxc6+ Kc4 55. Na7 Kb3 56. Nxb5 Ka4 57. Nc7 d4 58. Qd5 d3 59. b5 d2 60.
Qxd2 Kxa3 61. b6 Ka4 62. Qb2 Ka5 63. b7 Ka4 64. b8=Q Ka5 65. Qa8# 1-0

[Event "Late-Titled-Tuesday-Blitz-June-04-2024"]
[Site "Chess.com"]
[Date "2024.06.04"]
[Round "5"]
[White "snowlord"]
[Black "IlyaGrigorjev"]
[Result "0-1"]
[WhiteElo "2925"]
[BlackElo "2854"]
[TimeControl "180+1"]
[EndTime "14:56:06 PDT"]
[Termination "IlyaGrigorjev won by resignation"]

1. Nc3 Nf6 2. e4 e5 3. Bc4 Nc6 4. d3 Bc5 5. f4 O-O 6. Nf3 Ng4 7. Qe2 Bf2+ 8. Kf1 Nd4 9. Nxd4 Bxd4 10. f5 Nf6 11.
Bg5 c6 12. Bb3 d5 13. exd5 Bxf5 14. Qf3 Qd7 15. Bxf6 gxf6 16. Ne2 Bb6 17. Ng3 Bg6 18. h4 cxd5 19. h5 e4 20. Qxf6 Qe6 21. Qg5 exd3 22.
Bxd5 Be3 23. Bxe6 fxe6+ 24. Ke1 Bxg5 25. hxg6 dxc2 26. Ke2 hxg6 27. Ne4 c1=Q 28. Raxc1 Bxc1 29. Rxc1 Rac8 30. Rd1 Rfd8 31. Rh1 Rc2+ 32. Ke3 Kg7 33. Ng5 Rd6 34. Rh7+ Kg8 35. Rxb7 Rxg2 36. Ne4 Rc6 37.
a4 a6 38. Nf6+ Kf8 39. b4 g5 40. b5 axb5 41. axb5 Rc1 42. b6 Rb1 43. Ra7 Rgb2 44. Nd7+ Kf7 45. Ne5+ Kf6 46. Nc4 Rb4 47. Kd3 R1b3+ 48.
Kc2 Rh3 49. Rc7 Rh4 50. Kc3 Rhxc4+ 51. Rxc4 Rxb6 52. Rc8 Kf5 53. Kd4 Rb3 54. Rf8+ Kg4 55. Ke5 Re3+ 56. Kd4 Re1 57. Kd3 Kg3 58. Kd2 Re5 59. Kd3 g4 60. Kd4 Re1 61. Kd3 Kg2 0-1

[Event "Late-Titled-Tuesday-Blitz-June-04-2024"]
[Site "Chess.com"]
[Date "2024.06.04"]
[Round "5"]
[White "arctic_t00"]
[Black "Heydarli77"]
[Result "1-0"]
[WhiteElo "2631"]
[BlackElo "2457"]
[TimeControl "180+1"]
[EndTime "14:56:08 PDT"]
[Termination "arctic_t00 won by resignation"]

1. d4 d5 2. Nf3 Nf6 3. Bg5 e6 4. Nbd2 Be7 5. e3 Nbd7 6. Bd3 c6 7. h4 Qc7 8. Bf4 Bd6 9. Bxd6 Qxd6 10. c4 c5 11.
cxd5 Nxd5 12. Ne4 Qe7 13. dxc5 Nxc5 14. Bb5+ Bd7 15. Bxd7+ Nxd7 16. O-O O-O 17. Rc1 Rac8 18. Qb3 Qb4 19. Qxb4 Nxb4 20. Nd6 Rxc1 21. Rxc1 Nxa2 22. Rc7 Nf6 23. Ne5 Nb4 24. Rxb7 a5 25. Ndxf7 Rc8 26. Nd6 Rd8 27. Nec4 Ng4 28. Rb5 Nc6 29. Rc5 Ne7 30.
Rxa5 Nf5 31. Ra6 Rb8 32. Nxf5 exf5 33. f3 Nf6 34. Rc6 Nd5 35. Kf2 Nb4 36. Rc7 Nd3+ 37. Kg3 Nxb2 38. Nd6 g6 39. h5 gxh5 40. Nxf5 Nd3 41.
e4 Rb6 42. Kh4 Nf4 43. g3 Ne6 44. Rc8+ Kf7 45. Kxh5 Rb1 46. Kg4 Rh1 47. f4 h5+ 48.
Kf3 Rf1+ 49. Ke3 Re1+ 50. Kf3 Rf1+ 51. Ke2 Ra1 52. Rh8 Ra2+ 53. Kf3 Ra3+ 54. Kg2 Kg6 55.
Rh6+ Kf7 56. Rxh5 Ra2+ 57. Kh3 Ra3 58. Kg4 Ra4 59. Rh7+ Kg8 60. Re7 Rxe4 61. Nd6 Re2 62. f5 Nd4 63. Rxe2 Nxe2 64. Ne4 Kf7 65. Kg5 Nd4 66. g4 Nf3+ 67. Kf4 Nd4 68. Ng5+ Kf6 69. Ne4+ Kf7 70. g5 Ne2+ 71. Ke5 Ng1 72. g6+ Kg7 73.
Ng5 Kh6 74. Kf6 Ne2 75. g7 Nf4 76. g8=Q Nh5+ 77. Ke5 Ng7 78. Qh7+ Kxg5 79. Qxg7+ Kh4 80. f6 1-0

[Event "Late-Titled-Tuesday-Blitz-June-04-2024"]
[Site "Chess.com"]
[Date "2024.06.04"]
[Round "5"]
[White "FischerKasparow"]
[Black "jbking07"]
[Result "1-0"]
[WhiteElo "2102"]
[BlackElo "2341"]
[TimeControl "180+1"]
[EndTime "14:56:08 PDT"]
[Termination "FischerKasparow won on time"]

1. d4 d5 2. c4 e6 3. Nf3 Nf6 4.
g3 Be7 5. Bg2 O-O 6. O-O dxc4 7.
Qa4 a6 8. Qxc4 b5 9. Qc2 Bb7 10. Bf4 Bd6 11. Bxd6 cxd6 12. Re1 Nc6 13. Nbd2 Rc8 14.
Qb3 Na5 15. Qa3 Qb6 16. Rac1 h6 17. h3 Rfd8 18. b3 Nc6 19. e3 Ne7 20. Rxc8 Rxc8 21. Rc1 Rxc1+ 22. Qxc1 Qc6 23. Qxc6 Bxc6 24. b4 Nfd5 25.
a3 Nb6 26. Ne1 Bxg2 27. Kxg2 Kf8 28. e4 d5 29. f3 Nc6 30. Nc2 Ke7 31. Kf2 Nc4 32.
Ke2 f6 33. exd5 exd5 34. Kd3 Kd6 35. Nb3 g6 36. Nc5 Nb8 37. Nb7+ Kd7 38. Nc5+ Kd6 39. Kc3 h5 40. f4 g5 41. fxg5 fxg5 42. Nd3 Nd7 43.
Nc5 Nxc5 44. dxc5+ Ke5 45. Kd3 h4 46. gxh4 gxh4 47. Nd4 Nb2+ 48. Kc3 Nc4 49. Nc6+ Ke6 50. Nb8 Nxa3 51. Nxa6 Nc4 52. Nc7+ Ke5 53. Nxb5 Ne3 54. Nd4 Nf5 55. Nc6+ Ke6 56. Nd4+ Kf6 57. b5 Ne7 58. b6 Ke5 59. b7 Nc6 60. Nxc6+ 1-0

[Event "Late-Titled-Tuesday-Blitz-June-04-2024"]
[Site "Chess.com"]
[Date "2024.06.04"]
[Round "5"]
[White "CMmauricio"]
[Black "Itay121"]
[Result "1-0"]
[WhiteElo "2797"]
[BlackElo "2537"]
[TimeControl "180+1"]
[EndTime "14:56:09 PDT"]
[Termination "CMmauricio won by checkmate"]

1. f4 d6 2. e4 g6 3. Nf3 Bg7 4. Nc3 e5 5. d3 Ne7 6. Be2 Nbc6 7. O-O O-O 8. Qe1 exf4 9. Bxf4 d5 10. Qh4 dxe4 11.
dxe4 Nd4 12. Nxd4 Qxd4+ 13. Kh1 Bf6 14. Qg3 Nc6 15. Bxc7 Be5 16. Bxe5 Qxe5 17. Qh4 Be6 18.
a3 Rad8 19. Bd3 a6 20. Rae1 Na5 21. h3 Nc4 22. Bxc4 Bxc4 23. Rf2 Rd4 24. Kg1 Rfd8 25.
Qf4 Qxf4 26. Rxf4 Rd2 27. Rc1 Kg7 28. e5 Be6 29. Rf2 Rxf2 30. Kxf2 Rd2+ 31. Kf3 Bf5 32. g4 Rxc2 33. Rxc2 Bxc2 34. g5 Kf8 35. Nd5 Bf5 36. h4 Bc2 37. Ke3 Ke8 38. Nf6+ Ke7 39. Nxh7 Ke6 40. Kf4 Bb1 41. Nf6 b5 42. b4 Bc2 43.
Ne8 Kd5 44. Nd6 Ke6 45. Ne4 Kd5 46. Nc5 Kc4 47. Nxa6 Kb3 48. Nc7 Bd3 49. e6 fxe6 50.
Ke5 Kxa3 51. Na6 Bc4 52. Kf6 Kb3 53. Kxg6 e5 54. Kf5 Kc3 55. Kxe5 Bd3 56. h5 Be2 57. h6 Kc4 58. g6 Bd3 59. h7 Bxg6 60. h8=Q Bd3 61.
Qd8 Kc3 62. Qd4+ Kc2 63. Nc5 Bc4 64. Kf4 Kb1 65. Qd2 Ka1 66. Ke3 Bd3 67. Kd4 Bc2 68. Kc3 Kb1 69. Qxc2+ Ka1 70. Qb2# 1-0

[Event "Late-Titled-Tuesday-Blitz-June-04-2024"]
[Site "Chess.com"]
[Date "2024.06.04"]
[Round "5"]
[White "Chessdude1987"]
[Black "osielchesslover2011"]
[Result "1-0"]
[WhiteElo "2400"]
[BlackElo "2226"]
[TimeControl "180+1"]
[EndTime "14:56:09 PDT"]
[Termination "Chessdude1987 won by resignation"]

1. e4 e5 2. Nf3 Nc6 3. d4 exd4 4. Nxd4 Bc5 5. Nxc6 bxc6 6. Bd3 d6 7. O-O Nf6 8.
h3 h5 9. Bg5 Be6 10. c4 Qd7 11. Qf3 Nh7 12. Qxh5 Bd4 13. Bc1 g6 14. Qf3 Nf6 15.
Nd2 O-O-O 16. Nb3 Be5 17. Bg5 Bxh3 18. Bxf6 Bg4 19. Qe3 Bh2+ 20. Kh1 Bf4+ 21. Kg1 Bxe3 22. fxe3 Qe6 23. c5 d5 24. Nd4 Qd7 25. e5 Rh7 26. Rac1 Re8 27. Rc3 Kb8 28. Ra3 Ka8 29. Ra6 Rb8 30.
Nxc6 Rb7 31. b4 Bh3 32. Rf2 Bxg2 33. Rxg2 Qh3 34. b5 Qh1+ 35. Kf2 Qc1 36. Nd8 Rb8 37. Kg3 Qb2 38. Rxb2 Rxb5 39. Rc2 Rh3+ 40. Kxh3 Rb1 41. Rd2 Rg1 42. c6 Rh1+ 43. Kg2 Rc1 44. Kf2 Rc3 45.
Ke2 Rc1 46. Kf2 Ra1 47. Rb2 Rc1 48. Rxa7+ Kxa7 49. Rb7+ Ka8 50. Rxc7 Ra1 51. Rb7 Rxa2+ 52. Kf3 Ra3 53. c7 Rc3 54. Rb8+ Ka7 55. c8=Q Rxc8 56. Rxc8 1-0

[Event "Late-Titled-Tuesday-Blitz-June-04-2024"]
[Site "Chess.com"]
[Date "2024.06.04"]
[Round "5"]
[White "LUISMIGUELOV"]
[Black "howitzer14"]
[Result "0-1"]
[WhiteElo "2214"]
[BlackElo "3022"]
[TimeControl "180+1"]
[EndTime "14:56:11 PDT"]
[Termination "howitzer14 won on time"]

1. e4 c5 2. d4 cxd4 3. c3 Nf6 4. e5 Nd5 5. Qxd4 e6 6. Bd3 Nc6 7. Qe4 d6 8. Nf3 dxe5 9. Nxe5 Nxe5 10. Qxe5 Qc7 11.
Qxc7 Nxc7 12. Bf4 Nd5 13. Bg3 h5 14. h3 h4 15. Be5 f6 16. Bh2 e5 17. Bg6+ Kd7 18.
Nd2 Kc7 19. O-O-O Be6 20. Be4 Rd8 21. Nb3 Kc8 22. Rd2 Be7 23. Rhd1 Nc7 24. f4 f5 25. Bc2 Rxd2 26. Rxd2 g6 27. Kd1 e4 28. Bg1 Rd8 29.
Rxd8+ Kxd8 30. Bxa7 Nd5 31. Nd4 Bd7 32. Ne2 Bd6 33. Bf2 Nxf4 34. Nxf4 Bxf4 35. Bxh4+ g5 36. Bf2 Bd6 37. c4 Bc6 38. g3 f4 39. gxf4 gxf4 40. h4 e3 41. Bxe3 fxe3 42. Ke2 Bf4 43. b4 Kc7 44. a4 b6 45. a5 bxa5 46. bxa5 Kb7 47. c5 Ka6 48. Bd3+ Kxa5 49. h5 Kb4 50. Bf5 Kxc5 51.
Bg4 Kd4 52. Bf3 Bb5+ 53. Ke1 Bh6 54. Kd1 Bd3 55. Ke1 Ke5 56. Kd1 Kf4 57. Be2 Bxe2+ 58.
Kxe2 Ke4 59. Ke1 Kf3 60. Kf1 Bg5 61. Ke1 e2 0-1

[Event "Late-Titled-Tuesday-Blitz-June-04-2024"]
[Site "Chess.com"]
[Date "2024.06.04"]
[Round "5"]
[White "TheoSlade"]
[Black "Zura_19"]
[Result "1/2-1/2"]
[WhiteElo "2459"]
[BlackElo "2612"]
[TimeControl "180+1"]
[EndTime "14:56:12 PDT"]
[Termination "Game drawn - insufficient material"]

1. d4 Nf6 2. c4 e6 3. g3 Bb4+ 4. Nd2 c5 5. a3 Bxd2+ 6. Qxd2 cxd4 7. Nf3 d5 8. cxd5 exd5 9. Nxd4 Ne4 10. Qd1 Qf6 11.
Be3 O-O 12. Bg2 Nc6 13. O-O Re8 14. Rc1 Bd7 15. Nxc6 bxc6 16. Bd4 Qh6 17. Qd3 a5 18.
f3 Ng5 19. Rc5 Ne6 20. Rc2 Rac8 21. Rfc1 c5 22. Bxc5 Nxc5 23. Rxc5 Qxc1+ 24. Rxc1 Rxc1+ 25. Kf2 Be6 26. f4 Bg4 27. Bf3 Bxf3 28. Qxf3 Rc2 29. Qxd5 Rxb2 30. Qxa5 Rbxe2+ 31. Kf3 g6 32. h4 h5 33. Qa7 Ra2 34. f5 gxf5 35. Kf4 Re4+ 36. Kxf5 Rg4 37. Qa8+ Kh7 38. Kf6 Rf2+ 39. Ke7 Rxg3 40. Qe4+ Rg6 41. a4 Rf6 42. Qb1 Rf4 43. a5 Kg7 44. a6 Rxa6 45. Qb2+ Raf6 46. Qd2 Kh7 47. Kd7 R4f5 48. Kc7 Rg6 49. Qd3 Rff6 50.
Kd7 Kg7 51. Ke7 Rf4 52. Qc3+ Kh7 53. Qc2 Rxh4 54. Kxf7 Rf4+ 55. Ke7 h4 56. Kd7 Rf6 57.
Ke7 Kg7 58. Qd3 Rf7+ 59. Ke8 Rf8+ 60. Ke7 Rff6 61. Qd4 Kh6 62. Qxh4+ Kg7 63. Qd4 Rh6 64. Qe5 Rg6 65. Qd4 Rh6 66. Qe5 Kh7 67. Qxf6 Rxf6 68.
Kxf6 1/2-1/2

[Event "Late-Titled-Tuesday-Blitz-June-04-2024"]
[Site "Chess.com"]
[Date "2024.06.04"]
[Round "5"]
[White "IngOscarArdila"]
[Black "garfield_pg"]
[Result "0-1"]
[WhiteElo "2278"]
[BlackElo "2463"]
[TimeControl "180+1"]
[EndTime "14:56:16 PDT"]
[Termination "garfield_pg won on time"]

1. d4 d5 2. Nf3 e6 3. Bf4 Nf6 4. Nbd2 c5 5. e3 Nc6 6. Bb5 a6 7. Bxc6+ bxc6 8. O-O cxd4 9. Nxd4 Qb6 10. c4 Be7 11. Qc2 Bd7 12. Rfc1 O-O 13. c5 Qb7 14. Rab1 a5 15. b3 Ne8 16. N2f3 f6 17. Bd6 Bxd6 18. cxd6 Ra6 19. Qc5 e5 20. Ne2 Qb8 21. Nc3 Nxd6 22. Na4 Ne4 23. Qc2 Bg4 24. Ne1 Bf5 25. Ra1 Rc8 26. f3 Nd6 27. Qe2 Ra8 28. g4 Bg6 29. h4 h5 30. Nd3 hxg4 31. fxg4 Bxd3 32. Qxd3 Ne4 33. Nc5 Nxc5 34. Rxc5 Qb4 35. Rd1 Qxg4+ 36. Kf2 Qxh4+ 37. Kf1 Qh1+ 38. Ke2 Qg2+ 39. Ke1 Qg3+ 40.
Ke2 Qg4+ 41. Ke1 Qe6 42. Rd2 Rc7 43. Rg2 Rd8 44. Qg6 Qf7 45. Qg4 f5 46. Qg5 Re8 47. Rc1 f4 48. Kd2 fxe3+ 49. Qxe3 Qf4 50. Rcg1 Qxe3+ 51. Kxe3 Rf8 52. Rg6 d4+ 53. Ke4 Re8 54.
R1g5 Rd7 55. Rxc6 d3 56. Rg2 d2 57. Rxg7+ Kxg7 58. Rd6 Rxd6 0-1